cohdb
Replays
Latest Replays
All Replays
Popular Replays
Top Player Replays
Match Explorer
How It Works
Community
CoH3 Stats
Reddit
Sign in to upload your games and track your stats! →
Sign in with Steam
Match 42313394
Unlisted
Match 42313394
Overview
Messages
Build Orders
End
Vickers Machine Gun Team
Construct Section Command Post
Selects Air and Sea Battlegroup
Infantry Section
Infantry Section
Infantry Section
Construct Platoon Command Post
Selects Supply Surplus
Construct Field Infirmary
Forward Retreat Point
Unlock M3 Stuart Light Tanks
M3 Stuart Light Tank
6-pounder Anti-tank Gun Team
Selects Commando Section Paradrop
Selects M1 Pack Howitzer Paradrop
Unlock Bishop Self-propelled Artillery
ML 3-inch Mortar Team
M3 Stuart Light Tank
[DGM] Miloolim
諾爾斯
kenleung
SI-LAY-COW
Anchovy
Bytheorderofren
Buffallobang
EceH4iK
0
0
Comments
sign in to comment!
No comments posted yet!